 Dungeon Crawl Stone Soup version 0.29.1-2-gbd0b4ee654 (webtiles) character file.

Game seed: 16702146828545532060

53984 concernfroge the Spear-Bearer (level 14, -4/110 HPs)
             Began as a Mummy Monk on Nov 22, 2022.
             Was an Initiate of Gozag.
             Killed from afar by a fire dragon (38 damage)
             ... with a blast of flame
             ... on level 9 of the Dungeon on Nov 25, 2022.
             The game lasted 00:59:23 (22406 turns).

concernfroge the Spear-Bearer (Mummy Monk)         Turns: 22406, Time: 00:59:23

Health: -4/110     AC: 26    Str: 24    XL:     14   Next: 32%
Magic:  14/14      EV: 11    Int: 10    God:    Gozag
Gold:   4096       SH:  8    Dex: 15    Spells: 13/13 levels left

rFire   . . .      SeeInvis .   b - +1 trident (spect)
rCold   + + .      Faith    .   C - +2 buckler
rNeg    + + +      Spirit   .   n - +7 chain mail {rF+}
rPois   ∞          Reflect  .   (no helmet)
rElec   .          Harm     .   o - +2 cloak
rCorr   .          Rampage  .   k - +1 pair of gloves
Will    ++...                   q - +0 pair of boots of Pantheism {rC+}
Stlth   ..........              (no amulet)
HPRegen 0.28/turn               r - ring of willpower
MPRegen 0.14/turn               g - +6 ring of strength

@: no status effects
A: cold resistance 1, negative energy resistance 3, torment resistance 2, heat
vulnerability 1, in touch with death 2, no potions
a: Renounce Religion, Potion Petition, Call Merchant, Bribe Branch


You were on level 9 of the Dungeon.
You worshipped Gozag.
Gozag was most pleased with you.
You visited 3 branches of the dungeon, and saw 15 of its levels.

You collected 5039 gold pieces.
You spent 943 gold pieces at shops.

Inventory:

Hand Weapons
 a - a +4 war axe
 b - a +1 spectral trident (weapon)
Missiles
 f - 10 boomerangs (quivered)
 A - 31 poisoned darts
Armour
 k - a +1 pair of gloves (worn)
 n - a +7 chain mail of fire resistance (worn)
 o - a +2 cloak (worn)
 q - the +0 pair of boots of Pantheism (worn) {rC+}
   (You found it on level 2 of the Dungeon)

   rC:        It protects you from cold.
 C - a +2 buckler (worn)
Magical Staves
 e - a staff of fire
Jewellery
 g - a +6 ring of strength (right hand)
 h - a +6 ring of strength
 r - a ring of willpower (left hand)
 D - a +4 ring of protection
 E - a +4 ring of protection
Wands
 t - a wand of paralysis (11)
 w - a wand of flame (77)
 x - a wand of iceblast (3)
 G - a wand of mindburst (9)
Scrolls
 d - 5 scrolls of teleportation
 i - 2 scrolls of noise
 j - 2 scrolls of immolation
 l - 6 scrolls of vulnerability
 m - a scroll of silence
 u - a scroll of summoning
 v - 4 scrolls of butterflies
 y - 2 scrolls of magic mapping
 z - a scroll of amnesia
 B - 3 scrolls of poison


   Skills:
 - Level 10.0 Fighting
 - Level 14.0 Polearms
 - Level 5.0 Throwing
 - Level 12.0 Armour
 + Level 6.6 Dodging
 - Level 1.5 Stealth
 + Level 6.6 Shields
 - Level 5.0 Evocations


You had 13 spell levels left.
You didn't know any spells.
Your spell library contained the following spells:

 Spells                   Type           Power      Damage    Failure   Level
 Foxfire                  Conj/Fire      0%         2x1d4     93%         1
 Magic Dart               Conj           0%         1d3       93%         1
 Slow                     Hex            0%         N/A       93%         1
 Sting                    Tmut/Pois      0%         1d3       93%         1
 Summon Small Mammal      Summ           0%         N/A       93%         1
 Blink                    Tloc           0%         N/A       98%         2
 Call Imp                 Summ           0%         N/A       98%         2
 Poisonous Vapours        Pois/Air       0%         N/A       98%         2
 Scorch                   Fire           0%         2d5       98%         2
 Call Canine Familiar     Summ           0%         N/A       100%        3
 Confusing Touch          Hex            0%         N/A       100%        3
 Conjure Flame            Conj/Fire      0%         6-21      100%        3
 Inner Flame              Hex/Fire       0%         N/A       100%        3
 Mephitic Cloud           Conj/Pois/Air  0%         N/A       100%        3
 Stone Arrow              Conj/Erth      0%         3d7       100%        3
 Summon Guardian Golem    Hex/Summ       0%         N/A       100%        3
 Vampiric Draining        Necr           0%         2d6       100%        3
 Animate Armour           Summ/Erth      0%         N/A       100%        4
 Flame Wave               Conj/Fire      0%         2d4       100%        4
 Olgreb's Toxic Radiance  Pois           0%         N/A       100%        4
 Petrify                  Tmut/Erth      0%         N/A       100%        4
 Manifold Assault         Tloc           0%         N/A       100%        5
 Metabolic Englaciation   Hex/Ice        0%         N/A       100%        5
 Conjure Ball Lightning   Conj/Air       0%         3x3d6     100%        6
 Summon Cactus Giant      Summ           0%         N/A       100%        6
 Discord                  Hex            0%         N/A       100%        8
 Disjunction              Tloc           0%         N/A       100%        8
 Lehudib's Crystal Spear  Conj/Erth      0%         10d2      100%        8
 Statue Form              Tmut/Erth      Unusable   N/A       N/A         6
 Storm Form               Tmut/Air       Unusable   N/A       N/A         7

Dungeon Overview and Level Annotations

Branches:
Dungeon (9/15)             Temple (1/1) D:4            Lair (5/5) D:8
 Shoals (0/4) Lair:2       Spider (0/4) Lair:3        Slime (0/5) Lair:4
    Orc: D:9-12

Altars:
Ashenzari
Cheibriados
Dithmenos
Fedhas
Gozag
Hepliaklqana
Kikubaaqudgha
Makhleb
Nemelex Xobeh
Okawaru
Qazlal
Ru
Sif Muna
Trog
Uskayaw
Vehumet
Wu Jian
Xom
Yredelemnul
Jiyva

Shops:
D:3 ?

Annotations:
D:8 2 transporters, Icepheonix32's ghost, novice OpIE
Lair:2 3 runed translucent doors, GigaChad's ghost, journeyman MiFi


Innate Abilities, Weirdness & Mutations

You are immune to poison.
Your flesh is cold resistant. (rC+)
You are immune to negative energy. (rN+++)
You are immune to unholy pain and torment.
You are vulnerable to heat. (rF-)
You are strongly in touch with the powers of death.
You do not drink.


Message History

The blast of flame hits you!!
You are too injured to fight recklessly!
You are too injured to fight recklessly!
You swap places.
You are too injured to fight recklessly!
You are too injured to fight recklessly!
You are too injured to fight recklessly!
You barely miss the fire dragon.
The fire dragon is heavily wounded.
Your +1 spectral trident hits the fire dragon but does no damage.
You puncture the fire dragon!
The fire dragon is severely wounded.
Your +1 spectral trident hits the fire dragon but does no damage.
The fire dragon misses you. The fire dragon claws you!
The fire dragon tramples you but does no damage.
The purple ugly thing basks in the mutagenic energy from its kin and changes!
You hit the fire dragon but do no damage.
The fire dragon is severely wounded.
Your +1 spectral trident hits the fire dragon but does no damage.
You hit the fire dragon.
The fire dragon is severely wounded.
Your +1 spectral trident completely misses the fire dragon.
The fire dragon barely misses you. x2; You block the fire dragon's attack.
You barely miss the fire dragon.
The fire dragon is severely wounded.
Your +1 spectral trident hits the fire dragon but does no damage.
The fire dragon bites you but does no damage.
The fire dragon claws you.
* * * LOW HITPOINT WARNING * * *
You block the fire dragon's attack.
You hit the fire dragon.
The fire dragon is severely wounded.
Your +1 spectral trident hits the fire dragon from afar.
You hit the fire dragon but do no damage.
The fire dragon is severely wounded.
Your +1 spectral trident hits the fire dragon but does no damage.
The fire dragon breathes flames at your +1 spectral trident.
The blast of flame hits you!!!
You die...
Your body crumbles into a pile of gold.

..##...# #....## ##.##
##.### ..##...# #....#
##.###.###. ..##...#
#...## ##.#.####.
..##...# #...# ##.##
#.. ..##...# #..## #.#
##.. ..##...# #..# ##
#.# #... ..##...# ##.##
.###.####.. ..##...#
#..#########.##.##.###
..##...#
#.##D@(..)...##.##.)..
..##...#
##.#u#########.##.##.##
..##...# #..#.
#.........##.##)#
..##...# ##.##u
#..#.#.#..##.##..
.......###..##c
#..#.#..##...###
...........###.
#...#...##.#.##.
.####..##..# #.
#.#.#.##.....## .#
#..##.## ||
#..#..####.#### .#
#..#..# ##...##).....[#


You could see a fire dragon (distracted, catching breath), a brown ugly thing
and a friendly +1 spectral trident (summoned).

Vanquished Creatures
  Snorg (Lair:3)
  5 hydras
  2 boulder beetles
  3 catoblepae
  4 two-headed ogres
  4 death yaks
  2 lindwurms
  A deep elf pyromancer (D:9)
  2 ugly things (D:9)
  3 manticores
  The ghost of Wentworth the Chiller, a novice HuIE of Gozag (D:6)
  8 elephants
  A merfolk siren (Lair:2)
  A black mamba (Lair:5)
  11 cane toads
  2 torpor snails
  A kobold demonologist (D:9)
  6 rime drakes
  7 komodo dragons
  Maggie (D:6)
  A tengu conjurer (D:8)
  A hornet (D:9)
  11 polar bears
  A troll (D:9)
  16 blink frogs
  5 raiju (Lair:5)
  2 dream sheep (Lair:5)
  A slime creature (D:9)
  2 shadows (D:9)
  3 culicivoras (Lair:3)
  8 wyverns
  32 yaks
  2 wraiths
  3 basilisks
  4 redbacks (Lair:3)
  A human (shapeshifter) (D:9)
  2 steam dragons
  4 wargs (Lair:5)
  12 hell hounds (Lair:5)
  10 water moccasins
  5 orc warriors
  2 ice beasts
  An ogre (D:6)
  A sky beast (D:8)
  43 wolves
  5 centaurs
  16 black bears
  4 kobold brigands
  11 bullfrogs
  5 scorpions
  A necrophage (D:7)
  9 wights
  11 killer bees
  7 howler monkeys
  6 orc priests
  3 hounds
  4 jellies
  A gnoll bouda (D:9)
  6 iguanas
  10 orc wizards
  9 hell rats
  6 gnolls
  8 river rats (Lair:5)
  12 adders
  2 white imps
  An ufetubus (D:5)
  A worm (D:2)
  3 dart slugs
  36 orcs
  10 ball pythons
  11 endoplasms
  4 giant cockroaches
  11 goblins
  5 hobgoblins
  A quokka (D:1)
  6 bats
  3 frilled lizards
  17 kobolds
  11 rats
495 creatures vanquished.

Vanquished Creatures (collateral kills)
  A black bear (D:4)
1 creature vanquished.

Vanquished Creatures (others)
  A jelly (D:7)
  A kobold (D:9)
  32 fungi
  55 plants
89 creatures vanquished.

Grand Total: 585 creatures vanquished

Notes
Turn   | Place    | Note
-------+----------+-------------------------------------------
     0 | D:1      | concernfroge the Mummy Monk began the quest for the Orb.
     0 | D:1      | Reached XP level 1. HP: 18/18 MP: 1/1
   131 | D:1      | Found a faded altar of an unknown god.
   243 | D:1      | Reached XP level 2. HP: 23/24 MP: 2/2
   825 | D:1      | Gained mutation: You are in touch with the powers of death.
                  | [Mummy growth]
   825 | D:1      | Reached XP level 3. HP: 25/30 MP: 3/3
   916 | D:2      | Identified the +0 pair of boots of Pantheism {rC+}
  1341 | D:2      | Identified the +11 dagger "Iban" {holy, Will+ Str+3 Dex+2}
  1644 | D:2      | Reached XP level 4. HP: 36/38 MP: 4/4
  1683 | D:2      | Reached skill level 5 in Fighting
  2070 | D:3      | Reached XP level 5. HP: 45/46 MP: 5/5
  2240 | D:3      | Found Molefonwu's Magic Scroll Shoppe.
  2252 | D:3      | Bought a scroll of identify for 28 gold pieces
  2255 | D:3      | Bought a scroll of identify for 28 gold pieces
  3054 | D:3      | Bought a scroll of identify for 28 gold pieces
  3081 | D:4      | Reached XP level 6. HP: 39/53 MP: 6/6
  3183 | D:4      | Found a staircase to the Ecumenical Temple.
  3192 | Temple   | Entered the Ecumenical Temple
  3758 | D:4      | Found a burning altar of Makhleb.
  4196 | D:4      | Reached XP level 7. HP: 9/62 MP: 7/7
  4507 | D:5      | Entered Level 5 of the Dungeon
  4902 | D:5      | Identified the +1 leather armour of Irksome Amelioration
                  | {rPois}
  5057 | D:5      | Noticed a two-headed ogre
  5063 | D:5      | Killed a two-headed ogre
  5064 | D:5      | Reached skill level 10 in Fighting
  5064 | D:5      | Reached skill level 4 in Polearms
  5064 | D:5      | Reached XP level 8. HP: 67/72 MP: 8/8
  5627 | D:5      | Found a hide-covered altar of Uskayaw.
  6094 | D:6      | Found a stormy altar of Qazlal.
  6125 | D:6      | Reached skill level 5 in Polearms
  6600 | D:6      | Noticed Maggie
  6612 | D:6      | Killed Maggie
  6613 | D:6      | Reached skill level 6 in Polearms
  6613 | D:6      | Reached XP level 9. HP: 56/78 MP: 9/9
  6775 | D:6      | Noticed a two-headed ogre
  6783 | D:6      | Killed a two-headed ogre
  6784 | D:6      | Reached skill level 7 in Polearms
  7164 | D:5      | Reached skill level 8 in Polearms
  7344 | D:6      | Noticed Wentworth's ghost (novice HuIE)
  7352 | D:6      | Found a transporter.
  7357 | D:6      | Found a transporter.
  7783 | D:7      | Reached skill level 9 in Polearms
  8431 | D:7      | Reached XP level 10. HP: 83/85 MP: 10/10
  9076 | D:8      | Reached skill level 10 in Polearms
  9420 | D:8      | Found a transporter.
  9422 | D:8      | Found a transporter.
  9422 | D:8      | Noticed Icepheonix32's ghost (novice OpIE)
  9424 | D:8      | Identified the amulet "Ywuoxod" {Spirit rElec rCorr Int+3}
  9429 | D:8      | Identified the +2 ring mail of the Sailor {rElec rC+ Regen+
                  | Int-5}
  9717 | D:8      | Found a staircase to the Lair.
  9851 | D:8      | Found Vigis's Magic Scroll Shoppe.
  9868 | D:8      | Bought a scroll of amnesia for 40 gold pieces
  9868 | D:8      | Bought a scroll of enchant armour for 75 gold pieces
  9868 | D:8      | Bought a scroll of blinking for 75 gold pieces
  9868 | D:8      | Bought a scroll of noise for 10 gold pieces
  9868 | D:8      | Bought 2 scrolls of enchant armour for 150 gold pieces
  9969 | D:3      | Bought 3 scrolls of identify for 84 gold pieces
  9971 | D:3      | Identified a scroll of acquirement
  9972 | D:3      | Acquired a manual of Armour
 10135 | D:8      | Found an ornate altar of the Wu Jian Council.
 10370 | D:9      | Reached skill level 1 in Armour
 10856 | D:9      | Noticed a manticore
 10866 | D:9      | Killed a manticore
 10873 | D:9      | Noticed a deep elf pyromancer
 10908 | D:9      | Reached skill level 11 in Polearms
 11198 | D:8      | Reached skill level 5 in Armour
 11436 | D:9      | Killed a deep elf pyromancer
 11475 | D:9      | Reached XP level 11. HP: 62/90 MP: 11/11
 11769 | D:9      | Found an ancient bone altar of Kikubaaqudgha.
 11835 | D:9      | Noticed a two-headed ogre
 11839 | D:9      | Killed a two-headed ogre
 12055 | D:9      | Found an opulent altar of Gozag.
 12061 | D:9      | Became a worshipper of Gozag Ym Sagoz the Greedy
 12181 | D:9      | Noticed a two-headed ogre
 12189 | D:9      | Killed a two-headed ogre
 12650 | D:9      | Noticed a boulder beetle
 12775 | Lair:1   | Entered Level 1 of the Lair of Beasts
 12869 | Lair:1   | Reached skill level 12 in Polearms
 13059 | Lair:1   | Noticed a seven-headed hydra
 13068 | Lair:1   | Killed a seven-headed hydra
 14024 | Lair:2   | Reached skill level 10 in Armour
 14075 | Lair:2   | Found a staircase to the Shoals.
 14116 | Lair:2   | Reached XP level 12. HP: 75/97 MP: 12/12
 14497 | Lair:2   | Reached skill level 13 in Polearms
 14502 | Lair:2   | Noticed a catoblepas
 14690 | Lair:2   | Killed a catoblepas
 15403 | Lair:2   | Noticed a seven-headed hydra
 15409 | Lair:2   | Killed a seven-headed hydra
 15550 | Lair:2   | Found a runed translucent gate.
 15551 | Lair:2   | Found a runed translucent gate.
 15552 | Lair:2   | Found a runed translucent gate.
 15554 | Lair:2   | Noticed GigaChad's ghost (journeyman MiFi)
 15909 | D:3      | Bought a scroll of magic mapping for 105 gold pieces
 15909 | D:3      | Bought a scroll of enchant weapon for 105 gold pieces
 16010 | D:6      | Killed Wentworth's ghost
 16169 | D:8      | Bought a scroll of teleportation for 30 gold pieces
 16169 | D:8      | Bought 3 scrolls of teleportation for 90 gold pieces
 16169 | D:8      | Bought a scroll of summoning for 95 gold pieces
 16351 | Lair:3   | Noticed Snorg
 16361 | Lair:3   | Killed Snorg
 16444 | Lair:3   | Noticed an eight-headed hydra
 16449 | Lair:3   | Killed an eight-headed hydra
 16532 | Lair:3   | Reached skill level 14 in Polearms
 16600 | Lair:3   | Reached skill level 1 in Throwing
 16600 | Lair:3   | Reached skill level 1 in Shields
 16600 | Lair:3   | Reached skill level 1 in Evocations
 16700 | Lair:3   | Found a hole to the Spider Nest.
 17332 | Lair:4   | Noticed a death yak
 17346 | Lair:3   | Gained mutation: You are strongly in touch with the powers
                  | of death. [Mummy growth]
 17346 | Lair:3   | Reached XP level 13. HP: 101/103 MP: 13/13
 17513 | Lair:4   | Acquired 772 gold pieces
 17527 | Lair:4   | Found a viscous altar of Jiyva.
 17527 | Lair:4   | Found a staircase to the Slime Pits.
 18503 | Lair:5   | Entered Level 5 of the Lair of Beasts
 19500 | Lair:5   | Reached skill level 5 in Dodging
 20250 | Lair:5   | Reached skill level 5 in Throwing
 20250 | Lair:5   | Reached skill level 5 in Evocations
 20258 | Lair:5   | Reached skill level 5 in Shields
 20822 | Lair:5   | Reached XP level 14. HP: 74/110 MP: 14/14
 21816 | Lair:5   | Identified the +5 mace of Fatigue {drain, Dex+4}
 22406 | D:9      | Killed from afar by a fire dragon

Illustrated notes

Levels and vault maps discovered:
D:1:      nzn_arrival_crosshair, layout_basic,
          hellmonk_ecumenical_altar_slurped_away
D:2:      layout_loops_ring
D:3:      layout_basic, serial_shops, nicolae_shop_hallway_stairs,
          bh_walls_and_bars
D:4:      layout_cave_pods, mainiacjoe_overflow_alcove_1,
          minmay_temple_entry_statues_pillars
D:5:      layout_layer_cave, lemuel_tele_altar
D:6:      nicolae_BIG_FREAKIN_CUBE, layout_basic, mainiacjoe_overflow_24_doors,
          gammafunk_ghost_hive, uniq_maggie
D:7:      layout_basic
D:8:      layout_rooms, mainiacjoe_overflow_catwalk,
          grunt_lair_entry_orc_guard_hut, gammafunk_ghost_gnarly_gnolls,
          serial_shops, nicolae_shop_waterfront
D:9:      minmay_the_grid_triangle_9x9_rhombus_full
          [minmay_the_grid_triangle_9x9_corruption,
          minmay_the_grid_triangle_9x9_alien,
          minmay_the_grid_triangle_9x9_cache,
          minmay_the_grid_triangle_9x9_dagger,
          minmay_the_grid_triangle_9x9_minimal,
          minmay_the_grid_triangle_9x9_impossible_snake,
          minmay_the_grid_triangle_9x9_limited_checkers,
          minmay_the_grid_triangle_9x9_prize_center], layout_long_grid,
          grunt_gozag_breadcrumbs, mainiacjoe_overflow_two_lobes, kb_rosetta
Temple:   eino_wide_crystal_templ
Lair:1:   layout_cellular_growth, eino_small_chamber_without_monster,
          grunt_megastairs_1
Lair:2:   layout_cave_pods, minmay_shoals_entry_lonely_mermaid,
          gammafunk_ghost_necromancy, st_stairs_3, grunt_megastairs_3
Lair:3:   layout_roguey, nicolae_spider_entry_tight_spaces, hibernation_bobbens,
          infiniplex_staircase_pool, uniq_snorg
Lair:4:   layout_regular_city, slime_entry_1, chequers_serial_rivers_micro_d
Lair:5:   hangedman_lair_in_review, layout_hall_layers,
          hangedman_lair_caniforms_friends, serial_bayou_pond_e,
          kennysheep_rathole

Skill      XL: |  1  2  3  4  5  6  7  8  9 10 11 12 13 14 |
---------------+-------------------------------------------+-----
Fighting       | 4 5 6 8 10 | 10.0
Polearms       | 4 6 9 11 12 14 | 14.0
Armour         | 6 10 12 | 12.0
Throwing       | 1 5 |  5.0
Shields        | 1 5 6 |  6.6
Evocations     | 1 5 |  5.0
Dodging        | 3 5 6 |  6.6
Stealth        | |  1.5

Action                   |  1- 3 |  4- 6 |  7- 9 | 10-12 | 13-15 || total
-------------------------+-------+-------+-------+-------+-------++-------
Melee: Spear             |    79 |       |       |       |       ||    79
       Morningstar       |    59 |    21 |       |       |       ||    80
       War axe           |       |   172 |    38 |       |       ||   210
       Punch             |       |     2 |     4 |     1 |       ||     7
       Trident           |       |       |   120 |   366 |   687 ||  1173
       Halberd           |       |       |   109 |   268 |       ||   377
Throw: Boomerang         |       |     6 |       |     7 |     3 ||    16
       Dart              |       |    10 |    13 |     8 |       ||    31
Evoke: Wand              |       |       |       |    15 |       ||    15
  Use: Scroll            |       |     7 |     8 |    22 |    11 ||    48
 Stab: Paralysed         |       |       |       |     7 |       ||     7
       Distracted        |       |       |       |    10 |    11 ||    21
       Petrified         |       |       |       |       |    10 ||    10
Armor: Scale mail        |    16 |       |       |       |       ||    16
       Chain mail        |    59 |   206 |   178 |   313 |   246 ||  1002
Dodge: Dodged            |    54 |   107 |   115 |   165 |   172 ||   613
Block: Buckler           |       |       |       |    31 |   132 ||   163
